 Dungeon Crawl Stone Soup version 0.31.0-11-ge490571c62 (webtiles) character file.

Game seed: 17675708354972808642

320 qw the Shooter (level 6, 0/31 HPs)
             Began as a Spriggan Hunter on Feb 3, 2024.
             Slain by an iguana (14 damage)
             ... on level 4 of the Dungeon.
             The game lasted 00:00:09 (2646 turns).

qw the Shooter (Spriggan Hunter)                    Turns: 2646, Time: 00:00:10

Health: 0/31       AC:  2    Str:  7    XL:     6   Next: 22%
Magic:  7/7        EV: 21    Int: 10    God:
Gold:   242        SH:  0    Dex: 21    Spells: 5/5 levels left

rFire   . . .        a - +0 shortbow
rCold   . . .        (shield currently unavailable)
rNeg    + . .        c - +0 robe
rPois   .            (helmet restricted)
rElec   .            (no cloak)
rCorr   .            (gloves unavailable)
SInv    +            (boots unavailable)
Will    +....        (no amulet)
Stlth   ++           b - ring of positive energy
HPRegen 0.25/turn    (no ring)
MPRegen 0.10/turn

%: no passive effects
@: very quick
A: very small, no large weapons, unfitting armour, see invisible, speed 3
a: no special abilities


You were on level 4 of the Dungeon.
You visited 1 branch of the dungeon, and saw 4 of its levels.

You collected 288 gold pieces.
You spent 46 gold pieces at shops.


Innate Abilities, Weirdness & Mutations

You are very small and have problems with some larger weapons.
You are too small for most types of armour.
You have supernaturally acute eyesight. (SInv)
You cover ground extremely quickly. (Speed+++)


   Skills:
 - Level 2.3 Fighting
 - Level 6.0 Ranged Weapons
 + Level 5.7 Dodging
 - Level 1.5 Stealth


You had 5 spell levels left.
You didn't know any spells.
Your spell library was empty.

Inventory:

Hand Weapons
 a - a +0 shortbow (weapon)
Armour
 c - a +0 robe (worn)
Jewellery
 b - a ring of positive energy (left hand)
Wands
 i - a wand of polymorph (3)
Potions
 d - a potion of brilliance {unknown}
 e - a potion of might
 f - 2 potions of curing
 g - a potion of heal wounds {unknown}
 h - 2 potions of haste

Dungeon Overview and Level Annotations

Branches:
Dungeon (4/15)
 Temple: D:4-7

Altars:

Shops:
D:2 *


Message History

The orc priest is heavily wounded.
The orc priest barely misses you.
You shoot an arrow. The arrow hits the orc priest.
The orc priest is severely wounded.
The orc priest barely misses you.
You shoot an arrow.
The arrow closely misses the orc priest.
The arrow closely misses the iguana.
The orc priest barely misses you.
You shoot an arrow.
The arrow hits the orc priest but does no damage.
The orc priest is severely wounded.
You shoot an arrow.
The arrow hits the orc priest but does no damage.
The orc priest is severely wounded.
The orc priest misses you.
You shoot an arrow. The arrow hits the orc priest.
The orc priest is almost dead.
The orc priest calls down the wrath of Beogh upon you.
You resist with significant effort.
You shoot an arrow. The arrow barely misses the orc priest.
The arrow closely misses the iguana.
The orc priest closely misses you.
You shoot an arrow. The arrow hits the orc priest.
The orc priest is almost dead.
The orc priest mumbles some strange prayers to Beogh against you.
Beogh smites you!
You shoot an arrow. The arrow barely misses the orc priest.
The arrow barely misses the iguana.
The orc priest closely misses you.
You shoot an arrow. The arrow barely misses the orc priest.
The arrow hits the iguana.
The iguana is moderately wounded.
You shoot an arrow. The arrow hits the orc priest.
You kill the orc priest!
You shoot an arrow. The arrow barely misses the iguana.
The iguana completely misses you. x2
You shoot an arrow. The arrow barely misses the iguana.
The iguana bites you!
You die...

%..########
.#.##.....# )...
.#.##...[.# ...
...)......# ## .>#
.#.##.....# ....#
...##.....# )#)#
########### ..#
#l# #.####@# ##
#......# .#####
######)# .....#
#.#
.###.###########.#
.......).........#
.###.#############
.....# .....#


You could see an iguana.

Vanquished Creatures
  A bombardier beetle (D:4)
  2 orc priests
  2 iguanas (D:4)
  An orc wizard (D:4)
  7 adders
  3 ribbon worms
  3 dart slugs
  5 orcs
  2 endoplasms
  6 giant cockroaches
  5 goblins
  5 hobgoblins
  4 jackals
  14 kobolds
  6 ball pythons
  4 bats
  4 frilled lizards
  4 rats
78 creatures vanquished.

Notes
Turn   | Place    | Note
-------+----------+-------------------------------------------
     0 | D:1      | qw the Spriggan Hunter began the quest for the Orb.
     0 | D:1      | Reached XP level 1. HP: 10/10 MP: 2/2
     0 | D:1      | 0 ||| qw: Version: 0.3-a-157-g843a77d
     0 | D:1      | 0 ||| qw: Game counter: 4004
     0 | D:1      | 0 ||| qw: Melee chars always use a shield: true
     0 | D:1      | 0 ||| qw: God list: Okawaru
     0 | D:1      | 0 ||| qw: Allow faded altars: false
     0 | D:1      | 0 ||| qw: Do Orc after clearing Dungeon:15 true
     0 | D:1      | 0 ||| qw: Do second Lair branch before Depths: true
     0 | D:1      | 0 ||| qw: Lair rune preference: random
     0 | D:1      | 0 ||| qw: Goals: Normal
     0 | D:1      | 0 ||| PLANNING D:1-11
    31 | D:1      | Reached skill level 3 in Dodging
    81 | D:1      | Reached XP level 2. HP: 11/14 MP: 3/3
   724 | D:1      | Found a faded altar of an unknown god.
   763 | D:1      | Reached XP level 3. HP: 18/18 MP: 4/4
   777 | D:1      | 777 ||| READING scroll labelled KUAQIP WACVE.
   782 | D:1      | 782 ||| READING 2 scrolls labelled IWAZXILIUC.
   783 | D:1      | 783 ||| READING 3 scrolls labelled ETU XOCWIE.
   783 | D:1      | 783 ||| IDENTIFYING yellow potion
   784 | D:1      | 784 ||| READING 2 scrolls of identify.
   784 | D:1      | 784 ||| IDENTIFYING 2 ruby potions
   785 | D:1      | 785 ||| READING scroll of identify.
   785 | D:1      | 785 ||| IDENTIFYING scroll labelled CIATAI LASAXT
   786 | D:1      | 786 ||| DROPPING scroll of butterflies.
   787 | D:1      | 787 ||| DROPPING scroll of fog.
   788 | D:1      | 788 ||| DROPPING scroll of blinking.
  1098 | D:2      | Reached skill level 5 in Ranged Weapons
  1191 | D:2      | Reached XP level 4. HP: 22/22 MP: 5/5
  1273 | D:2      | Found Jareut's General Store.
  1282 | D:2      | 1282 ||| BUYING wand of polymorph (3) (46 gold).
  1282 | D:2      | Bought a wand of polymorph (3) for 46 gold pieces
  1440 | D:2      | 1440 ||| UPGRADING to ring of positive energy.
  1441 | D:2      | 1441 ||| READING scroll of identify.
  1441 | D:2      | 1441 ||| IDENTIFYING bubbling green potion
  1442 | D:2      | 1442 ||| READING scroll labelled QIOSI KIGOYX.
  1444 | D:2      | 1444 ||| Stepping ~*~*~tactically~*~*~ (cloud).
  2229 | D:3      | 2229 ||| FLEEEEING.
  2236 | D:3      | HP: 5/23 [orc priest/+0 dagger (2)]
  2239 | D:3      | Reached XP level 5. HP: 7/27 MP: 6/6
  2327 | D:3      | Found the +7 staff of the Meek {protect, meekguard}
  2389 | D:3      | 2389 ||| READING scroll labelled TISY YQAEGA.
  2590 | D:4      | Reached skill level 6 in Ranged Weapons
  2622 | D:4      | Reached XP level 6. HP: 31/31 MP: 7/7
  2646 | D:4      | Slain by an iguana

Levels and vault maps discovered:
D:1:      mrwooster_arrival_arrow, layout_basic,
          hellmonk_ecumenical_altar_defaced_shrine, dk_noncrumbling_4
D:2:      minmay_angry_zag, layout_loops_cross, serial_shops, shop
D:3:      layout_loops_ring, serial_aquarium, aquarium_bridge_straight
          [aquarium_subvault_bridge, aquarium_subvault_wall,
          aquarium_subvault_bridge, aquarium_subvault_wall],
          aquarium_bridge_square [aquarium_subvault_window,
          aquarium_subvault_wall, aquarium_subvault_bridge,
          aquarium_subvault_bridge], aquarium_window_1, aquarium_window_1,
          aquarium_view_2g, aquarium_balcony_1a, pf_guarded_unrand_meek
D:4:      minmay_inner_zag, layout_loops_cross

Skill      XL: |  1  2  3  4  5 |
---------------+----------------+-----
Dodging        | 3 4 5 |  5.7
Ranged Weapons | 5 6 |  6.0
Fighting       | 2 |  2.3
Stealth        | |  1.5

Action                     |  1- 3 |  4- 6 || total
---------------------------+-------+-------++-------
   Fire: Shortbow          |   108 |   148 ||   256
    Use: Scroll            |     5 |     3 ||     8
 Armour: Robe              |     9 |    19 ||    28
  Dodge: Dodged            |    36 |    75 ||   111

Table legend:
 A = Non-vault XP
 B = Vault XP
 C = Vault XP percentage of total XP
 D = Non-vault monster count
 E = Vault monster count
 F = Vault count percentage of total count
                 A         B        C        D         E       F
            +---------+---------+-------+---------+---------+-------
      Total |     394 |      64 |  14.0 |      68 |      10 |  12.8
            +---------+---------+-------+---------+---------+-------
        D:1 |      31 |      11 |  26.2 |      19 |       4 |  17.4
        D:2 |      67 |       3 |   4.3 |      21 |       2 |   8.7
        D:3 |      59 |      50 |  45.9 |      14 |       4 |  22.2
        D:4 |     237 |       0 |   0.0 |      14 |       0 |   0.0
            +---------+---------+-------+---------+---------+-------
